 Dungeon Crawl Stone Soup version 0.24.0-13-gcf9b319 (webtiles) character file.

Game seed: 9155295662253916264, levelgen mode: deterministic

360 Bronimir the Slasher (level 6, -9/51 HPs)
             Began as a Gnoll Wanderer on Mar 5, 2020.
             Was a Follower of Cheibriados.
             Mangled by an ogre
             ... wielding a +0 giant club
              (21 damage)
             ... on level 4 of the Dungeon.
             The game lasted 00:06:34 (2611 turns).

Bronimir the Slasher (Gnoll Wanderer)               Turns: 2611, Time: 00:06:35

Health: -9/51      AC:  7    Str: 22    XL:     6   Next: 65%
Magic:  9/9        EV: 12    Int: 14    God:    Cheibriados [*.....]
Gold:   117        SH:  0    Dex: 18    Spells: 9/9 levels left

rFire    . . .     SeeInvis .   a - +2 falchion
rCold    . . .     Gourm    .   (no shield)
rNeg     + . .     Faith    .   w - +0 scale mail
rPois    .         Spirit   .   (no helmet)
rElec    .         Reflect  .   (no cloak)
rCorr    +         Harm     .   (no gloves)
MR       .....                  (no boots)
Stlth    +.........             (no amulet)
HPRegen  0.17/turn              j - ring of positive energy
MPRegen  0.11/turn              q - ring of resist corrosion

@: very slow
A: distributed training, fangs 1, strong nose
a: Bend Time, Renounce Religion


You were on level 4 of the Dungeon.
You worshipped Cheibriados.
Cheibriados was aware of your devotion.
You were not hungry.

You visited 1 branch of the dungeon, and saw 4 of its levels.

You collected 117 gold pieces.

Inventory:

Hand Weapons
 a - a +2 falchion (weapon)
 b - a +0 hunting sling
 p - a +0 vampiric spear
Missiles
 g - 156 stones
 o - 33 bolts
 t - 34 arrows
 u - 13 sling bullets
 A - 8 curare-tipped darts (quivered)
Armour
 d - a +0 robe
 l - a +0 ring mail
 w - a +0 scale mail (worn)
Jewellery
 j - a ring of positive energy (left hand)
 q - a ring of resist corrosion (right hand)
Wands
 x - a wand of polymorph (5)
Scrolls
 c - 2 scrolls of teleportation
 m - 2 scrolls of remove curse {unknown}
 v - a scroll of immolation {unknown}
 y - a scroll of random uselessness {unknown}
Potions
 e - a potion of mutation {unknown}
 h - a potion of might {unknown}
 i - a potion of curing {unknown}
 n - a potion of lignification
 r - 2 potions of degeneration {unknown}
 s - a potion of haste {unknown}
 z - a potion of berserk rage {unknown}
 B - a potion of heal wounds {unknown}
Comestibles
 f - 5 rations
 k - 6 chunks of flesh


   Skills:
 + Level 5.0 Fighting
 + Level 2.0 Short Blades
 + Level 6.8 Long Blades
 + Level 2.0 Axes
 + Level 2.0 Maces & Flails
 + Level 2.0 Polearms
 + Level 2.0 Staves
 + Level 2.0 Slings
 + Level 2.0 Bows
 + Level 2.0 Crossbows
 + Level 5.0 Throwing
 + Level 5.0 Armour
 + Level 3.3 Dodging
 + Level 2.0 Stealth
 + Level 2.0 Shields
 + Level 2.0 Unarmed Combat
 + Level 2.0 Spellcasting
 + Level 1.6 Conjurations
 + Level 1.6 Hexes
 + Level 1.6 Charms
 + Level 1.6 Summonings
 + Level 1.6 Necromancy
 + Level 1.6 Translocations
 + Level 1.6 Transmutations
 + Level 1.6 Fire Magic
 + Level 1.6 Ice Magic
 + Level 1.6 Air Magic
 + Level 1.6 Earth Magic
 + Level 1.6 Poison Magic
 + Level 2.2 Invocations
 + Level 2.0 Evocations


You had 9 spell levels left.
You didn't know any spells.
Your spell library was empty.

Dungeon Overview and Level Annotations

Branches:
Dungeon (4/15)
 Temple: D:4-7

Altars:
Cheibriados
Qazlal
Sif Muna


Innate Abilities, Weirdness & Mutations

Your experience applies equally to all skills.
You have very sharp teeth.
Your uncanny sense of smell can sniff out nearby items.


Message History

You feel sick.
An ogre comes into view. It is wielding a +0 giant club.
The ogre shouts!
You hear a shout!
You feel sick.
You feel sick.
You hit the ogre.
The ogre is lightly wounded.
The ogre barely misses you.
You hit the ogre. You bite the ogre.
The ogre is moderately wounded.
You slash the ogre!
The ogre is severely wounded.
You feel sick.
You are no longer poisoned.
The ogre hits you with a +0 giant club!
* * * LOW HITPOINT WARNING * * *
You hit the ogre.
The ogre is almost dead.
The ogre hits you with a +0 giant club!!
You die...

##..## ##...#
##...## #...##
##...## #####
#....## ##...#
#..#..## ##.....
#.###.O## ##......
## ##.@## #.......
##..### ##.......
##...#####........
##...............
#..####.........
........#
##........
........#
##.......
........# ##......
........# ##.....


You could see an ogre.

Vanquished Creatures
  A crimson imp (D:2)
  4 orc wizards
  Terence (D:3)
  3 worker ants (D:4)
  4 adders
  3 worms (D:4)
  7 dart slugs
  3 leopard geckos
  2 orcs
  7 bats
  5 giant cockroaches
  3 hobgoblins
  6 jackals
  5 kobolds
  2 ball pythons
  8 frilled lizards
  8 goblins
  11 rats
83 creatures vanquished.

Notes
Turn   | Place    | Note
-------+----------+-------------------------------------------
     0 | D:1      | Bronimir the Gnoll Wanderer began the quest for the Orb.
     0 | D:1      | Bronimir set off with the following items: a +2 falchion, a
                  | potion of lignification, a scroll of teleportation, a +0
                  | robe, a ration
     0 | D:1      | Reached XP level 1. HP: 20/20 MP: 1/1
    84 | D:1      | Reached XP level 2. HP: 26/26 MP: 2/2
   354 | D:1      | Reached XP level 3. HP: 31/31 MP: 3/3
   626 | D:2      | Reached skill level 1 in Short Blades
   626 | D:2      | Reached skill level 1 in Axes
   626 | D:2      | Reached skill level 1 in Maces & Flails
   626 | D:2      | Reached skill level 1 in Polearms
   626 | D:2      | Reached skill level 1 in Staves
   626 | D:2      | Reached skill level 1 in Slings
   626 | D:2      | Reached skill level 1 in Bows
   626 | D:2      | Reached skill level 1 in Crossbows
   626 | D:2      | Reached skill level 1 in Stealth
   626 | D:2      | Reached skill level 1 in Shields
   626 | D:2      | Reached skill level 1 in Unarmed Combat
   626 | D:2      | Reached skill level 1 in Spellcasting
   626 | D:2      | Reached skill level 1 in Invocations
   626 | D:2      | Reached skill level 1 in Evocations
   626 | D:2      | Reached XP level 4. HP: 23/38 MP: 5/5
   813 | D:2      | Reached skill level 1 in Conjurations
   813 | D:2      | Reached skill level 1 in Hexes
   813 | D:2      | Reached skill level 1 in Charms
   813 | D:2      | Reached skill level 1 in Summonings
   813 | D:2      | Reached skill level 1 in Necromancy
   813 | D:2      | Reached skill level 1 in Translocations
   813 | D:2      | Reached skill level 1 in Transmutations
   813 | D:2      | Reached skill level 1 in Fire Magic
   813 | D:2      | Reached skill level 1 in Ice Magic
   813 | D:2      | Reached skill level 1 in Air Magic
   813 | D:2      | Reached skill level 1 in Earth Magic
   813 | D:2      | Reached skill level 1 in Poison Magic
  1167 | D:2      | Reached XP level 5. HP: 42/43 MP: 6/6
  1388 | D:3      | Noticed Terence
  1445 | D:3      | Killed Terence
  1667 | D:3      | Reached XP level 6. HP: 39/50 MP: 8/8
  1986 | D:3      | Found a faded altar of an unknown god.
  2007 | D:3      | Became a worshipper of Cheibriados the Contemplative
  2007 | D:3      | Reached * piety under Cheibriados
  2276 | D:4      | Found a stormy altar of Qazlal.
  2515 | D:4      | Reached skill level 5 in Fighting
  2515 | D:4      | Reached skill level 5 in Throwing
  2515 | D:4      | Reached skill level 5 in Armour
  2553 | D:4      | Found a shimmering blue altar of Sif Muna.
  2611 | D:4      | Mangled by an ogre

Levels and vault maps discovered:
D:1:      wander_arrival_lonely_grave, layout_basic, hangedman_feature_mirror
D:2:      layout_basic, first_ration
D:3:      layout_basic, chequers_ecumenical_altar_island, minmay_lizard_king,
          uniq_terence
D:4:      layout_cave_pods, grunt_qazlal_clouds, led_sif_pool,
          nemelex_lonely_heart_becter

Skill      XL: |  1  2  3  4  5  6 |
---------------+-------------------+-----
Short Blades   | 1 2 |  2.0
Axes           | 1 2 |  2.0
Maces & Flails | 1 2 |  2.0
Polearms       | 1 2 |  2.0
Staves         | 1 2 |  2.0
Slings         | 1 2 |  2.0
Bows           | 1 2 |  2.0
Crossbows      | 1 2 |  2.0
Stealth        | 1 2 |  2.0
Shields        | 1 2 |  2.0
Unarmed Combat | 1 2 |  2.0
Spellcasting   | 1 2 |  2.0
Invocations    | 1 2 |  2.2
Evocations     | 1 2 |  2.0
Conjurations   | 1 |  1.6
Hexes          | 1 |  1.6
Charms         | 1 |  1.6
Summonings     | 1 |  1.6
Necromancy     | 1 |  1.6
Translocations | 1 |  1.6
Transmutations | 1 |  1.6
Fire Magic     | 1 |  1.6
Ice Magic      | 1 |  1.6
Air Magic      | 1 |  1.6
Earth Magic    | 1 |  1.6
Poison Magic   | 1 |  1.6
Dodging        | 3 |  3.3
Fighting       | 5 |  5.0
Throwing       | 5 |  5.0
Armour         | 5 |  5.0
Long Blades    | |  6.8

Action                   |  1- 3 |  4- 6 || total
-------------------------+-------+-------++-------
Melee: Falchion          |    60 |   167 ||   227
       Bite              |     2 |    30 ||    32
       Punch             |       |     3 ||     3
 Stab: Sleeping          |     5 |     1 ||     6
  Eat: Chunk             |       |     5 ||     5
Armor: Robe              |     8 |       ||     8
       Ring mail         |     9 |    41 ||    50
       Scale mail        |       |    21 ||    21
Dodge: Dodged            |    28 |   111 ||   139
       Rpst.: Falchion   |    12 |    43 ||    55
